[Event "Team 45 45 League T93"]
[Site "Internet Chess Club"]
[Date "2022.08.12"]
[Round "5"]
[White "Gojira"]
[Black "ElValero"]
[Result "1-0"]
[WhiteElo "1566"]
[BlackElo "1723"]
[Opening "Queen's pawn game"]
[ECO "D00"]
[Time "10:01:03"]
[PlyCount "119"]
[TimeControl "2700+45"]

1. d4 Nf6 2. Nc3 d5 3. Bf4 c6 4. e3 Qa5 5. Bd3 e6 6. a3 c5 7. dxc5 Qxc5 8. Nb5
Na6 9. b4 Qb6 10. Nf3 Bd7 11. Nfd4 Be7 12. c3 O-O 13. a4 Bxb5 14. Nxb5 Rfc8 15.
h3 d4 16. exd4 Nd5 17. Bd2 Nac7 18. Qb3 a6 19. Nxc7 Qxc7 20. c4 Nf4 21. Bf1 Bf6
22. Be3 b5 23. c5 Nd5 24. Be2 Qd7 25. O-O Rab8 26. axb5 axb5 27. Ra5 Nc7 28. Rd1
Ra8 29. Rxa8 Rxa8 30. Bf3 Ra4 31. d5 Nxd5 32. Bxd5 exd5 33. Qxd5 Qxd5 34. Rxd5
Rxb4 35. c6 Rc4 36. Rc5 Bd8 37. Rxc4 bxc4 38. Bf4 c3 39. c7 Bxc7 40. Bxc7 g5 41.
Ba5 c2 42. Bd2 f6 43. g4 Kf7 44. f3 Ke6 45. Kf2 Ke5 46. Ke3 f5 47. Bc3+ Ke6 48.
Bb2 fxg4 49. hxg4 Kd5 50. Kd3 Ke6 51. Kxc2 Kf7 52. Kd3 Kg6 53. Ke4 h5 54. gxh5+
Kxh5 55. Kf5 Kh6 56. Bc1 Kh5 57. Bd2 Kh4 58. Bxg5+ Kg3 59. f4 Kf3 60. Ke6 {Black
resigns} 1-0

[Event "Team 45 45 League T93"]
[Site "Internet Chess Club"]
[Date "2022.08.14"]
[Round "5"]
[White "julesraider"]
[Black "Rookmaster"]
[Result "0-1"]
[WhiteElo "1610"]
[BlackElo "1472"]
[Opening "QGD: Janowski variation"]
[ECO "D31"]
[Time "14:00:22"]
[PlyCount "82"]
[TimeControl "2700+45"]

1. d4 d5 2. c4 e6 3. Nc3 a6 4. Nf3 dxc4 5. Bg5 Nf6 6. e4 b5 7. e5 h6 8. exf6
hxg5 9. fxg7 Bxg7 10. a4 g4 11. Ne5 Bxe5 12. dxe5 Qxd1+ 13. Rxd1 b4 14. Ne4 Nd7
15. Bxc4 Bb7 16. f3 Bxe4 17. fxe4 Nxe5 18. Be2 O-O 19. Rc1 c6 20. Rc5 f6 21. Kf2
Rfd8 22. Ke3 a5 23. h4 gxh3 24. Rxh3 Rd7 25. Rc1 Rh7 26. Bh5 Kg7 27. g4 Rd8 28.
Ke2 Rd4 29. Re3 Kh6 30. Be8 Kg5 31. Bh5 Rhd7 32. Rc2 Rd1 33. b3 Rh1 34. Rc5 Rh2+
35. Kf1 Rd1+ 36. Re1 Rh1+ 37. Kf2 Rhxe1 38. Rxa5 Kf4 39. Ra8 Nd3+ 40. Kg2 Rd2+
41. Kh3 Rh1# {White checkmated} 0-1

[Event "Team 45 45 League T93"]
[Site "Internet Chess Club"]
[Date "2022.08.15"]
[Round "5"]
[White "trogers41"]
[Black "Toalla"]
[Result "1-0"]
[WhiteElo "1371"]
[BlackElo "1222"]
[Opening "Caro-Kann defense"]
[ECO "B12"]
[Time "14:01:27"]
[PlyCount "113"]
[TimeControl "2700+45"]

1. e4 c6 2. d4 g6 3. Nf3 Bg7 4. Be2 d6 5. O-O Nd7 6. c4 e5 7. d5 c5 8. Nc3 Ngf6
9. Qc2 O-O 10. b3 a6 11. Bb2 Re8 12. a3 Nf8 13. h3 h6 14. b4 b6 15. bxc5 bxc5
16. a4 Bb7 17. a5 Qc7 18. Rfb1 Reb8 19. Bc1 Bc8 20. Bd2 Rxb1+ 21. Qxb1 Rb8 22.
Qc2 N6h7 23. Bd3 Qe7 24. Rb1 Rxb1+ 25. Qxb1 Qb7 26. Qxb7 Bxb7 27. Na4 Nf6 28.
Nb6 Ne8 29. Bc2 g5 30. h4 f6 31. g3 Nh7 32. Nh2 Kf7 33. Ng4 Ke7 34. Ne3 Bf8 35.
Nf5+ Kd8 36. Bd1 Be7 37. Nxh6 Nf8 38. hxg5 fxg5 39. Nf7+ Kc7 40. Bxg5 Nf6 41. f3
Ng6 42. Kg2 Nd7 43. Bxe7 Nxe7 44. Nxd7 Kxd7 45. Ba4+ Kc7 46. Kh3 Ng6 47. Kg4
Bc8+ 48. Kg5 Ne7 49. g4 Bd7 50. Bxd7 Kxd7 51. Kf6 Ng8+ 52. Kg7 Ne7 53. g5 Nc8
54. Kf6 Ne7 55. g6 Ng8+ 56. Kg7 Ne7 57. Kh7 {Black resigns} 1-0

[Event "Team 45 45 League T93"]
[Site "Internet Chess Club"]
[Date "2022.08.15"]
[Round "5"]
[White "WzeroMN"]
[Black "blind-warrior"]
[Result "0-1"]
[WhiteElo "970"]
[BlackElo "1305"]
[Opening "Sicilian"]
[ECO "B54"]
[Time "16:21:15"]
[PlyCount "50"]
[TimeControl "2700+45"]

1. e4 c5 2. Nf3 d6 3. d4 cxd4 4. Nxd4 Bd7 5. Be2 Nc6 6. c3 Nf6 7. Nxc6 Bxc6 8.
f3 e6 9. Bg5 Be7 10. Bxf6 Bxf6 11. Nd2 Bh4+ 12. g3 Be7 13. Qc2 O-O 14. O-O-O Qc7
15. Bd3 e5 16. f4 exf4 17. gxf4 g6 18. Rhg1 Kh8 19. f5 Bf6 20. fxg6 fxg6 21.
Rdf1 Bg7 22. Rxf8+ Rxf8 23. Nf3 Rxf3 24. Rf1 Rxf1+ 25. Bxf1 Qf7 {White resigns}
0-1

[Event "Team 45 45 League T93"]
[Site "Internet Chess Club"]
[Date "2022.08.15"]
[Round "5"]
[White "fhunfi"]
[Black "timothysmall56"]
[Result "1-0"]
[WhiteElo "1721"]
[BlackElo "1613"]
[Opening "Sicilian: Najdorf"]
[ECO "B90"]
[Time "21:15:39"]
[PlyCount "83"]
[TimeControl "2700+45"]

1. e4 c5 2. Nf3 d6 3. d4 cxd4 4. Nxd4 Nf6 5. Nc3 a6 6. Qf3 Bg4 7. Qg3 e5 8. Nf5
Nc6 9. Bg5 Bxf5 10. exf5 Be7 11. O-O-O Nh5 12. Bxe7 Nxg3 13. Bxd8 Nxh1 14. Bb6
Nd4 15. Re1 O-O 16. Nd1 Nxf2 17. Nxf2 Nxf5 18. g3 Rfe8 19. Bg2 Re7 20. Bd5 Rd7
21. Ne4 Ne7 22. Nc3 Rc8 23. Rf1 Nxd5 24. Nxd5 f6 25. b3 Rf8 26. c4 f5 27. Kd2 g5
28. Kd3 Rdf7 29. Bc7 Rd7 30. Bb6 Kg7 31. a4 h5 32. a5 f4 33. gxf4 exf4 34. Bd4+
Kg6 35. h4 Rdf7 36. hxg5 Kxg5 37. Rg1+ Kf5 38. Bf2 Rh7 39. Bh4 Rff7 40. Rg5+ Ke6
41. Rg6+ Kd7 42. Nf6+ {Black resigns} 1-0

[Event "Team 45 45 League T93"]
[Site "Internet Chess Club"]
[Date "2022.08.14"]
[Round "5"]
[White "manfredo"]
[Black "fireball"]
[Result "0-1"]
[WhiteElo "1481"]
[BlackElo "1571"]
[Opening "French: advance, Nimzovich system"]
[ECO "C02"]
[Time "11:01:37"]
[PlyCount "74"]
[TimeControl "2700+45"]

1. e4 e6 2. d4 d5 3. e5 c5 4. Nf3 Nc6 5. Bd3 c4 6. Be2 Nge7 7. O-O Nf5 8. c3 Be7
9. a4 Na5 10. Nbd2 Qb6 11. Qc2 Bd7 12. Bd1 h5 13. b4 cxb3 14. Nxb3 Qxb3 15. Qxb3
Nxb3 16. Bxb3 Rc8 17. Bd2 O-O 18. Rfc1 Rc6 19. a5 Rfc8 20. Ba4 R6c7 21. Bxd7
Rxd7 22. Rcb1 Bd8 23. Ne1 Ne7 24. Nd3 b6 25. a6 Nc6 26. Nc1 Na5 27. Na2 Nc4 28.
Be1 f6 29. f4 Ne3 30. Rb2 Be7 31. Re2 Nf5 32. Nc1 Kf7 33. Nd3 Rc4 34. Nb2 Rc8
35. Rc2 Nxd4 36. Rf2 Nb5 37. Nd1 Bc5 {White resigns} 0-1

[Event "Team 45 45 League T93"]
[Site "Internet Chess Club"]
[Date "2022.08.15"]
[Round "5"]
[White "vollmerj"]
[Black "fvafier"]
[Result "1/2-1/2"]
[WhiteElo "1451"]
[BlackElo "1509"]
[Opening "Réti: King's Indian attack (Barcza system)"]
[ECO "A07"]
[Time "17:02:22"]
[PlyCount "105"]
[TimeControl "2700+45"]

1. Nf3 d5 2. g3 c6 3. Bg2 Bf5 4. O-O h6 5. b3 Nf6 6. Bb2 e6 7. d3 Nbd7 8. Nbd2
Be7 9. c4 O-O 10. cxd5 exd5 11. Re1 a5 12. e4 dxe4 13. dxe4 Be6 14. Nd4 Nc5 15.
Nxe6 Nxe6 16. Nc4 b5 17. Ne5 Rc8 18. Qxd8 Rfxd8 19. Nxc6 Rxc6 20. e5 Nd5 21.
Red1 Nec7 22. Rd2 b4 23. Rad1 Rc5 24. Bd4 Rb5 25. Bf1 Rbb8 26. Bg2 Nc3 27. Bxc3
bxc3 28. Rxd8+ Rxd8 29. Rc1 Bb4 30. a3 Bxa3 31. Rxc3 Ne6 32. Bh3 Bb4 33. Rc6 Nd4
34. Rc7 Nxb3 35. e6 Nd4 36. exf7+ Kf8 37. Kg2 Nb5 38. Rb7 Nd6 39. Ra7 Nxf7 40.
Be6 Nd6 41. h4 Re8 42. Bd5 Re5 43. Ra8+ Ke7 44. Ra7+ Kf6 45. Bg8 Rb5 46. Ra6 Re5
47. f4 Re1 48. Bc4 Ra1 49. Bb3 Ke7 50. Ra7+ Kf8 51. Ra8+ Ke7 52. Ra7+ Kf8 53.
Ra8+ {Game drawn by mutual agreement} 1/2-1/2

[Event "Team 45 45 League T93"]
[Site "Internet Chess Club"]
[Date "2022.08.11"]
[Round "5"]
[White "Denis240964"]
[Black "smsxman"]
[Result "0-1"]
[WhiteElo "1376"]
[BlackElo "1399"]
[Opening "Scandinavian (center counter) defense"]
[ECO "B01"]
[Time "13:00:25"]
[PlyCount "132"]
[TimeControl "2700+45"]

1. e4 d5 2. exd5 Qxd5 3. Nc3 Qd8 4. Nf3 e6 5. d4 Nf6 6. Bd3 c5 7. dxc5 Bxc5 8.
Bb5+ Bd7 9. O-O Bb4 10. Bxd7+ Nbxd7 11. Nb5 Qb6 12. Nbd4 Bc5 13. Nb3 Rd8 14.
Nxc5 Qxc5 15. Be3 Qb5 16. Qc1 b6 17. c4 Qh5 18. b3 O-O 19. Qb2 e5 20. Rad1 e4
21. Nd4 Qe5 22. Qc1 Rc8 23. Bf4 Qe8 24. Bd6 Nc5 25. Bxf8 Kxf8 26. Qa3 a5 27.
Rfe1 Kg8 28. Qb2 Qf8 29. Re3 Ng4 30. Rg3 Nd3 31. Qd2 Ngxf2 32. Rf1 Qc5 33. Rxf2
Qxd4 34. Re3 g6 35. Rf1 f5 36. Kh1 Rf8 37. Qe2 Qc5 38. g4 Kg7 39. gxf5 Rxf5 40.
Rxf5 Qxf5 41. Kg1 Qg5+ 42. Kh1 Qf4 43. Kg2 Qg5+ 44. Rg3 Nf4+ 45. Kf2 Qxg3+ 46.
hxg3 Nxe2 47. Kxe2 Kf6 48. Ke3 Ke5 49. a3 h6 50. b4 g5 51. c5 axb4 52. axb4 bxc5
53. b5 Kd5 54. b6 Kc6 55. b7 Kxb7 56. Kxe4 Kc6 57. g4 c4 58. Kd4 Kb5 59. Kc3 Kc5
60. Kc2 Kd4 61. Kd2 c3+ 62. Kc2 Kc4 63. Kc1 Kd3 64. Kd1 Ke3 65. Kc2 Kf4 66. Kxc3
Kxg4 {White resigns} 0-1

[Event "Team 45 45 League T93"]
[Site "Internet Chess Club"]
[Date "2022.08.11"]
[Round "5"]
[White "WillC"]
[Black "Kingofknights"]
[Result "0-1"]
[WhiteElo "1566"]
[BlackElo "1476"]
[Opening "Queen's pawn game, Darooha variation "]
[ECO "D02"]
[Time "20:00:47"]
[PlyCount "132"]
[TimeControl "2700+45"]

1. d4 d5 2. Nf3 Nf6 3. b3 Bf5 4. Bb2 h6 5. g3 e6 6. Bg2 Be7 7. O-O O-O 8. Nbd2
c6 9. Rc1 b5 10. Ne5 Qb6 11. Re1 Nbd7 12. e4 Bh7 13. exd5 cxd5 14. Nxd7 Nxd7 15.
Bxd5 exd5 16. Rxe7 Nf6 17. c3 Bf5 18. Re5 Bh3 19. Ba3 Rfe8 20. Bc5 Qb7 21. Qf3
Qc6 22. Rce1 Rxe5 23. Rxe5 Re8 24. b4 Rxe5 25. dxe5 Ne4 26. Nb3 Qe6 27. Bd4 a6
28. Qf4 Qc6 29. Qe3 Qc4 30. Qe1 Qd3 31. Be3 Nxc3 32. f3 Nd1 33. Nc5 Qxe3+ 34.
Qxe3 Nxe3 35. Kf2 Nc2 36. g4 Nxb4 37. a3 Nc6 38. e6 fxe6 39. Nxe6 h5 40. Kg3 Bf1
41. gxh5 d4 42. Kf2 Bc4 43. Nc5 a5 44. f4 d3 45. Ke3 Ne7 46. Nb7 Nd5+ 47. Kd2 b4
48. axb4 axb4 49. Na5 Ba2 50. Kxd3 Nxf4+ 51. Kc2 b3+ 52. Nxb3 Bxb3+ 53. Kxb3
Nxh5 54. Kc3 Kf7 55. Kd3 g5 56. Ke3 Kf6 57. Kf3 Kf5 58. h3 Nf4 59. Kg3 Ng6 60.
Kf3 Nf4 61. Kg3 Nxh3 62. Kxh3 Kf4 63. Kh2 Kf3 64. Kg1 g4 65. Kh2 g3+ 66. Kg1 g2
{White resigns} 0-1

[Event "Team 45 45 League T93"]
[Site "Internet Chess Club"]
[Date "2022.08.15"]
[Round "5"]
[White "seattleblues"]
[Black "sdcohle"]
[Result "0-1"]
[WhiteElo "1273"]
[BlackElo "1366"]
[Opening "QGD semi-Slav: Chigorin defense"]
[ECO "D45"]
[Time "20:00:47"]
[PlyCount "50"]
[TimeControl "2700+45"]

1. d4 d5 2. Nf3 Nf6 3. c4 c6 4. Nc3 e6 5. e3 Bd6 6. Bd3 Nbd7 7. O-O e5 8. dxe5
Nxe5 9. Nxe5 Bxe5 10. Qc2 dxc4 11. Bxc4 O-O 12. Rd1 Qe7 13. b3 b5 14. Bd3 b4 15.
f4 Bxc3 16. Rb1 a5 17. Rf1 Ba6 18. Bxa6 Rxa6 19. a3 Ne4 20. Qd3 Raa8 21. axb4
axb4 22. Bb2 Rfd8 23. Qc2 Nd2 24. Bxc3 Nxb1 25. Rxb1 Qxe3+ {White resigns} 0-1

[Event "Team 45 45 League T93"]
[Site "Internet Chess Club"]
[Date "2022.08.13"]
[Round "5"]
[White "Tjet"]
[Black "rgadoury"]
[Result "1/2-1/2"]
[WhiteElo "1251"]
[BlackElo "1126"]
[Opening "Réti: King's Indian attack (Barcza system)"]
[ECO "A07"]
[Time "13:00:34"]
[PlyCount "204"]
[TimeControl "2700+45"]

1. Nf3 d5 2. g3 Nf6 3. Bg2 Nc6 4. O-O e5 5. d3 b6 6. Bg5 Be7 7. a3 Bb7 8. Nbd2
O-O 9. Rb1 a5 10. Bxf6 Bxf6 11. e4 d4 12. Nc4 Re8 13. b4 a4 14. b5 Na5 15. Rb4
Nxc4 16. Rxc4 Ra5 17. c3 dxc3 18. Rxc3 Qd7 19. Qc2 Rc8 20. Rc1 Raa8 21. Rxc7
Rxc7 22. Qxc7 Qxc7 23. Rxc7 Rb8 24. Nd2 Bd8 25. Rc4 Ra8 26. Bh3 Be7 27. Rc7 Bxa3
28. Rxb7 Bc5 29. Nc4 a3 30. Nxa3 Rxa3 31. Rb8+ Bf8 32. Rxb6 Rxd3 33. Rb8 g6 34.
Bf1 Rb3 35. Rc8 Rb4 36. f3 Kg7 37. h4 h5 38. Rc2 Rb1 39. Kg2 Rb3 40. Be2 Ba3 41.
Kh3 Rb2 42. Rxb2 Bxb2 43. b6 Ba3 44. b7 Bd6 45. Bc4 Bb8 46. Bd5 f6 47. g4 hxg4+
48. Kxg4 Bd6 49. Be6 Bb8 50. h5 gxh5+ 51. Kxh5 Kf8 52. Kg6 Ke7 53. Kf5 Bc7 54.
Bc8 Kf7 55. Be6+ Ke7 56. Bd5 Bb8 57. Kg6 Bc7 58. Kf5 Bb8 59. Kg4 Bd6 60. Kg3 Bb8
61. Kf2 Bc7 62. Ke2 Bb8 63. Kd3 Kd6 64. Kc4 Bc7 65. Kb5 Bb8 66. Kb6 Kd7 67. Bc6+
Kd8 68. Bd5 Kd7 69. Bc6+ Kd8 70. Bd5 Kd7 71. Bf7 Kd8 72. Be6 Ke7 73. Bf5 Kd8 74.
Kc6 Ba7 75. Bc8 Bb8 76. Kd5 Ke7 77. Bf5 Kd8 78. Bc8 Ke7 79. Kc6 Bd6 80. Kd5 Bb8
81. Bg4 Ba7 82. Kc6 Bb8 83. Bh3 Kd8 84. Kb6 Ke7 85. Kc6 Kd8 86. Bg4 Bc7 87. Bh5
Bb8 88. Bf7 Bc7 89. Be6 Bb8 90. Bc8 Bc7 91. Kd5 Ke7 92. Kc6 Bb8 93. Kd5 Bc7 94.
Bg4 Bb8 95. Bh5 Bc7 96. Bg4 Bb8 97. Kc5 Bc7 98. Kc6 Bb8 99. Kb6 Kd8 100. Kc6 Ke7
101. Bc8 Kd8 102. Kd5 Ke7 {Game drawn by repetition} 1/2-1/2

[Event "Team 45 45 League T93"]
[Site "Internet Chess Club"]
[Date "2022.08.12"]
[Round "5"]
[White "WzeroMN"]
[Black "pandaknight"]
[Result "0-1"]
[WhiteElo "974"]
[BlackElo "1014"]
[Opening "Caro-Kann: advance variation"]
[ECO "B12"]
[Time "14:00:20"]
[PlyCount "72"]
[TimeControl "2700+45"]

1. e4 c6 2. d4 d5 3. e5 Bf5 4. Bd3 Bxd3 5. Qxd3 e6 6. Nf3 Nd7 7. O-O h6 8. Nc3
Ne7 9. a3 a6 10. b4 b6 11. Bf4 c5 12. bxc5 bxc5 13. Rab1 Nc6 14. Rb2 c4 15. Qe3
Bxa3 16. Ra2 Be7 17. Rb1 Nb4 18. Rab2 a5 19. Na2 Rb8 20. Nxb4 Rxb4 21. Rxb4 axb4
22. c3 b3 23. Qc1 g5 24. Bd2 g4 25. Ne1 Bg5 26. Bxg5 Qxg5 27. Qxg5 hxg5 28. g3
Ke7 29. Rb2 Nb6 30. Ng2 Na4 31. Rb1 Nxc3 32. Rb2 Ra8 33. Ne3 Ra2 34. Rxa2 Nxa2
35. Nd1 c3 36. Nxc3 Nxc3 {White resigns} 0-1

[Event "Team 45 45 League T93"]
[Site "Internet Chess Club"]
[Date "2022.08.11"]
[Round "5"]
[White "julesraider"]
[Black "AlWynJones"]
[Result "1-0"]
[WhiteElo "1646"]
[BlackElo "1451"]
[Opening "Grünfeld: exchange variation"]
[ECO "D85"]
[Time "13:00:25"]
[PlyCount "61"]
[TimeControl "2700+45"]

1. d4 Nf6 2. c4 g6 3. Nc3 d5 4. cxd5 Nxd5 5. e4 Nxc3 6. bxc3 Bg7 7. Rb1 c5 8.
Nf3 Nc6 9. d5 Bxc3+ 10. Bd2 Bxd2+ 11. Qxd2 Nd4 12. Nxd4 cxd4 13. Qxd4 Qa5+ 14.
Rb4 O-O 15. Be2 Qxa2 16. Ra4 e5 17. Qb4 a5 18. Rxa2 axb4 19. Rxa8 b3 20. Kd2 f5
21. Rb1 fxe4 22. Ke3 Kg7 23. Rxb3 Rd8 24. Rc3 Rxd5 25. Raxc8 Kh6 26. Rb3 g5 27.
Rxb7 g4 28. Rc6+ Kh5 29. Rxh7+ Kg5 30. Rg7+ Kh4 31. Rh6# {Black checkmated} 1-0

[Event "Team 45 45 League T93"]
[Site "Internet Chess Club"]
[Date "2022.08.10"]
[Round "5"]
[White "jcule"]
[Black "xingon"]
[Result "1-0"]
[WhiteElo "1360"]
[BlackElo "1288"]
[Opening "Torre attack (Tartakower variation)"]
[ECO "D03"]
[Time "15:00:32"]
[PlyCount "111"]
[TimeControl "2700+45"]

1. d4 Nf6 2. Nf3 d5 3. Bg5 e6 4. e3 Be7 5. c4 O-O 6. Bd3 dxc4 7. Bxc4 c5 8. O-O
Nbd7 9. Nc3 a6 10. Qc2 b6 11. Rfd1 b5 12. Bd3 c4 13. Be4 Nxe4 14. Bxe7 Qxe7 15.
Qxe4 Nb6 16. Qc6 Qb7 17. Qd6 Nd5 18. a3 Nxc3 19. bxc3 a5 20. Rab1 Qe4 21. Qb6
Bd7 22. Ne5 Be8 23. Qc7 Qc2 24. Rdc1 Qe4 25. Nd7 Bxd7 26. Qxd7 Rfb8 27. Rxb5
Rxb5 28. Qxb5 Qd5 29. Rb1 h6 30. h3 Qe4 31. Qb7 Qxb7 32. Rxb7 a4 33. Rb4 Kf8 34.
Rxc4 Ke7 35. g4 Kd6 36. e4 g6 37. Kg2 f5 38. Kf3 Rb8 39. Rb4 fxe4+ 40. Kxe4 Rxb4
41. cxb4 g5 42. f3 Ke7 43. Ke5 Kd7 44. f4 gxf4 45. Kxf4 Kd6 46. Ke4 Kc6 47. Ke5
Kb5 48. Kxe6 Kc4 49. d5 Kb3 50. d6 Kxa3 51. d7 Kb2 52. d8=Q a3 53. Qd1 a2 54. b5
a1=Q 55. Qxa1+ Kxa1 56. b6 {Black resigns} 1-0

[Event "Team 45 45 League T93"]
[Site "Internet Chess Club"]
[Date "2022.08.12"]
[Round "5"]
[White "Balderdash"]
[Black "Fulmar"]
[Result "0-1"]
[WhiteElo "1195"]
[BlackElo "1220"]
[Opening "French: advance, Nimzovich system"]
[ECO "C02"]
[Time "12:02:51"]
[PlyCount "172"]
[TimeControl "2700+45"]

1. e4 e6 2. d4 d5 3. e5 c5 4. Nf3 Nc6 5. Bg5 Qb6 6. b3 cxd4 7. a4 Bb4+ 8. Nbd2
Bd7 9. Bb5 Rc8 10. O-O Nge7 11. Bxc6 Nxc6 12. Qe2 a6 13. Qd3 Bc5 14. c4 dxc3 15.
Qxc3 a5 16. Be3 d4 17. Nc4 Qa7 18. Nxd4 Nb4 19. Nd6+ Bxd6 20. Nc6 Rxc6 21. Qxc6
Nxc6 22. Bxa7 Nxa7 23. exd6 f6 24. Rac1 Nc6 25. Rfd1 b6 26. Rd3 Kf7 27. h4 h5
28. f3 f5 29. f4 Rc8 30. Rdc3 Kf6 31. Kf2 e5 32. fxe5+ Kxe5 33. Re1+ Kxd6 34.
Rd3+ Kc7 35. Red1 Be6 36. Re1 Rd8 37. Rc3 Rd6 38. Kg3 Kb7 39. Kf4 g6 40. Kg5 Nd4
41. Ree3 Ka6 42. Kf4 Bg8 43. Rc8 Ne6+ 44. Ke5 Rd8 45. Rcc3 Nc5 46. Kf4 Rd6 47.
Kf3 Bd5+ 48. Ke2 Bxg2 49. Rg3 Bd5 50. Rce3 Re6 51. b4 Ne4 52. b5+ Kb7 53. Rg1 f4
54. Kf3 fxe3 55. Kxe3 Nc3+ 56. Kd3 Ne2 57. Rg5 Ba2 58. Kd2 Nd4 59. Kc3 Rd6 60.
Kb2 Bb3 61. Re5 Bxa4 62. Re7+ Kc8 63. Re8+ Kd7 64. Re5 Bxb5 65. Rg5 a4 66. Ka3
Kc6 67. Re5 Rd5 68. Re7 Rd6 69. Rf7 Kc5 70. Rc7+ Nc6 71. Rc8 Rd4 72. Rg8 Rg4 73.
Rg7 Be2 74. Rc7 Rxh4 75. Rc8 Rh3+ 76. Kb2 a3+ 77. Ka2 Bc4+ 78. Kb1 Rh2 79. Ra8
Na5 80. Rc8+ Kb5 81. Re8 Bd3+ 82. Kc1 Rc2+ 83. Kd1 a2 84. Re5+ Ka6 85. Rb5 a1=Q+
86. Rb1 Qxb1# {White checkmated} 0-1

[Event "Team 45 45 League T93"]
[Site "Internet Chess Club"]
[Date "2022.08.15"]
[Round "5"]
[White "woofgang"]
[Black "oldbookseller"]
[Result "1-0"]
[WhiteElo "1213"]
[BlackElo "1051"]
[Opening "Queen's pawn game"]
[ECO "D00"]
[Time "12:01:58"]
[PlyCount "49"]
[TimeControl "2700+45"]

1. d4 d5 2. e3 e6 3. Nf3 Bd6 4. Bd3 Nf6 5. Nbd2 b6 6. b3 Bb7 7. Bb2 Nbd7 8. O-O
O-O 9. e4 dxe4 10. Nxe4 Nxe4 11. Qe2 Qf6 12. Bxe4 Rab8 13. Qd3 g6 14. Bxb7 Rxb7
15. c4 Qf4 16. Rae1 Nf6 17. Bc1 Qg4 18. h3 Qh5 19. Qd2 e5 20. dxe5 Be7 21. exf6
Bd6 22. Bb2 c5 23. Qxd6 Qh6 24. Bc1 g5 25. Bxg5 {Black resigns} 1-0